Map: Lerilak Crest

Players

CunningStunt

  • Race: Protoss Protoss
  • League: Gold

A.I. 2 (Very Easy) - Winner!

  • Race: Protoss Protoss

A.I. 3 (Very Easy) - Winner!

  • Race: Protoss Protoss

VOD

Have the link to the VOD?

Description

Time

  • Played on: Sept. 9, 2015, 6:17 a.m.
  • Length: 3:13
Show
View Real Time Build Order
Export as new Build Order

CunningStunt Protoss 

Build Orders: 1 Gate Expand 

Get SALT Encoding   

  12  0:00  Probe (Chrono Boost)  
  13  0:10  Probe (Chrono Boost)  
  14  0:17  Pylon  
  14  0:21  Probe (Chrono Boost)  
  15  0:35  Probe (Chrono Boost)  
  15  0:39  Gateway  
  16  0:45  Probe (Chrono Boost)  
  17  0:55  Probe (Chrono Boost)  
  18  1:17  Nexus  
  18  1:26  Cybernetics Core  
  18  1:29  Probe (Chrono Boost)  
  19  1:34  Assimilator  
  19  1:37  Assimilator  
  19  1:41  Probe (Chrono Boost)  
  20  1:50  Pylon  
  20  1:51  Probe (Chrono Boost)  
  21  2:03  Probe (Chrono Boost)  
  22  2:13  Probe (Chrono Boost)  
  22  2:14  Adept  
  25  2:23  Mothership Core (Chrono Boost)  
  27  2:30  Probe (Chrono Boost)  
  28  2:40  Probe (Chrono Boost)  
  28  2:41  Probe (Chrono Boost), Adept  
  32  2:48  Gateway  
  32  2:50  Probe (Chrono Boost)  
  33  2:51  Probe (Chrono Boost)  
  34  3:00  Probe (Chrono Boost)  
  34  3:01  Probe (Chrono Boost)  
Show
View Real Time Build Order
Export as new Build Order

A.I. 2 (Very Easy) Protoss - Winner!

Build Orders:  

Get SALT Encoding   

Show
View Real Time Build Order
Export as new Build Order

A.I. 3 (Very Easy) Protoss - Winner!

Build Orders: 1 Gate Expand, Nexus First 

Get SALT Encoding   

  12  0:10  Pylon  
  12  0:12  Probe (Chrono Boost)  
  13  0:29  Probe (Chrono Boost)  
  14  0:38  Gateway  
  14  1:03  Nexus  
  14  1:18  Pylon  
  14  1:23  Zealot, Assimilator  
  16  1:35  Cybernetics Core  
  16  1:37  Probe (Chrono Boost)  
  17  1:49  Probe (Chrono Boost)  
  18  1:59  Assimilator  
  18  2:00  Probe (Chrono Boost)  
  19  2:10  Probe (Chrono Boost)  
  19  2:12  Stalker  
  22  2:15  Probe (Chrono Boost)  
  23  2:25  Probe (Chrono Boost)  
  24  2:30  Probe (Chrono Boost)  
  25  2:39  Probe (Chrono Boost)  
  26  3:11  Robotics Facility  
Tags
 
Add a new tag
Caveats
  • Supply blocks, unpowered buildings, or Contaminate may cause inaccurate times.
  • Supply counts are checked every 10 seconds.